 Dungeon Crawl Stone Soup version 0.31-a0-182-gc5ef74bbde (webtiles) character file.

Game seed: 8584191234324458410

197 qw the Shield-Bearer (level 5, 0/32 HPs)
             Began as a Gargoyle Fighter on June 20, 2023.
             Slain by an iguana (6 damage)
             ... on level 4 of the Dungeon.
             The game lasted 00:01:17 (2418 turns).

qw the Shield-Bearer (Gargoyle Fighter)             Turns: 2418, Time: 00:01:18

Health: 0/32       AC: 15    Str: 22    XL:     5   Next: 75%
Magic:  5/5        EV:  5    Int:  8    God:
Gold:   213        SH: 13    Dex:  9    Spells: 4/4 levels left

rFire   . . .        Y - +0 war axe
rCold   . . .        m - +0 tower shield
rNeg    + . .        h - +0 chain mail
rPois   inf          i - +1 helmet
rElec   +            (no cloak)
rCorr   .            (no gloves)
SInv    .            (no boots)
Will    +....        v - amulet of faith Stlth
                     n - ring of willpower
HPRegen 0.25/turn    (no ring)
MPRegen 0.09/turn

%: faith
@: no status effects
A: sickness immunity, AC +4, negative energy resistance 1, electricity
resistance, torment resistance 1, petrification resistance
a: no special abilities


You were on level 4 of the Dungeon.
You visited 1 branch of the dungeon, and saw 6 of its levels.

You collected 213 gold pieces.


Innate Abilities, Weirdness & Mutations

You are immune to sickness and miasma.
Your stone body is resilient. (AC +4)
You are immune to poison.
You resist negative energy. (rN+)
You are resistant to electric shocks. (rElec)
You are resistant to unholy torment.
You are immune to petrification.


   Skills:
 - Level 3.2 Fighting
 - Level 3.0 Axes
 - Level 3.2 Armour
 + Level 6.2 Shields


You had 4 spell levels left.
You didn't know any spells.
Your spell library was empty.

Inventory:

Hand Weapons
 b - a +0 morningstar
 Y - a +0 war axe (weapon)
Armour
 h - a +0 chain mail (worn)
 i - a +1 helmet (worn)
 m - a +0 tower shield (worn)
Jewellery
 g - an amulet of reflection
 n - a ring of willpower (left hand)
 v - an amulet of faith (around neck)
Scrolls
 l - a scroll of identify
Potions
 a - a potion of enlightenment
 c - a potion of attraction
 d - a potion of might
 e - a potion of cancellation
 f - a potion of lignification
 s - a potion of curing

Dungeon Overview and Level Annotations

Branches:
Dungeon (6/15)
 Temple: D:4-7

Altars:
Makhleb

Shops:
D:1 [([

Annotations:
D:4 Blork the orc
D:5 exclusion: sleepcap


Message History

You block Blork the orc's attack. You block the phantom's attack.
The iguana bites you.
The ball python bites you but does no damage.
The ball python constricts you.
Blork the orc hits you with a +1 vampiric long sword.
The iguana bites you.
The phantom hits you but does no damage.
You block the ball python's attack. The ball python constricts you.
Blork the orc hits you but does no damage.
You slash the ball python!
You kill the ball python!
You hit the phantom but do no damage. You closely miss the iguana.
You barely miss Blork the orc. You block Blork the orc's attack.
The iguana bites you but does no damage.
You block the phantom's attack.
Blork the orc hits you with a +1 vampiric long sword!
You closely miss the iguana.
The iguana is moderately wounded.
You barely miss the phantom. You hit Blork the orc.
You block Blork the orc's attack.
The iguana bites you but does no damage.
The phantom barely misses you. You block Blork the orc's attack.
The iguana bites you. The phantom completely misses you.
You hit the iguana.
The iguana is severely wounded.
You hit the iguana but do no damage. You hit Blork the orc.
You closely miss the phantom. You block Blork the orc's attack.
Blork the orc hits you but does no damage.
You block the iguana's attack. The iguana barely misses you.
The phantom hits you but does no damage.
You barely miss the iguana.
The iguana is severely wounded.
You hit the iguana. You hit Blork the orc. You hit the phantom.
Blork the orc barely misses you. The iguana completely misses you.
The iguana barely misses you.
The phantom hits you but does no damage.
You block Blork the orc's attack. The iguana bites you.
You die...

##....... ..#
#........
..##
.......(.
#....
........##...
...$........
#.........##
#....l%l..#
#..o@...##..#
##.W.>.......
##......##..
##...###
#...# #...#
#####


You could see Blork the orc (fast), a phantom and 2 iguanas.

Vanquished Creatures
  An orc priest (D:5)
  An orc wizard (D:5)
  A sleepcap (D:6)
  5 adders
  A white imp (D:6)
  2 worms (D:2)
  2 dart slugs
  2 orcs (D:5)
  2 endoplasms
  3 giant cockroaches
  6 goblins
  3 hobgoblins
  4 kobolds
  4 quokkas
  7 ball pythons
  6 bats
  4 frilled lizards
  5 rats
59 creatures vanquished.

Notes
Turn   | Place    | Note
-------+----------+-------------------------------------------
     0 | D:1      | qw the Gargoyle Fighter began the quest for the Orb.
     0 | D:1      | Reached XP level 1. HP: 14/14 MP: 1/1
     0 | D:1      | 0 ||| qw: Version: 0.3-a-9-g12657ce
     0 | D:1      | 0 ||| qw: Game counter: 1419
     0 | D:1      | 0 ||| qw: Always use a shield: true
     0 | D:1      | 0 ||| qw: God list: Okawaru
     0 | D:1      | 0 ||| qw: Allow faded altars: false
     0 | D:1      | 0 ||| qw: Do Orc after D:15 true
     0 | D:1      | 0 ||| qw: Do second Lair branch before Depths: true
     0 | D:1      | 0 ||| qw: Lair rune preference: random
     0 | D:1      | 0 ||| qw: Plans: Normal, Zot:1-4, Slime:5, God:TSO, Crypt,
                  | Tomb, Abyss, Pan, Hells, Win
     0 | D:1      | 0 ||| PLANNING D:1-11
    68 | D:1      | 68 ||| Stepping ~*~*~tactically~*~*~ (hiding).
    69 | D:1      | 69 ||| Stepping ~*~*~tactically~*~*~ (hiding).
    73 | D:1      | 73 ||| Stepping ~*~*~tactically~*~*~ (hiding).
   192 | D:1      | Found Keemi's Antique Armour Boutique.
   194 | D:1      | 194 ||| Stepping ~*~*~tactically~*~*~ (stealth).
   199 | D:1      | 199 ||| Stepping ~*~*~tactically~*~*~ (stealth).
   202 | D:1      | 202 ||| Stepping ~*~*~tactically~*~*~ (stealth).
   228 | D:1      | 228 ||| SHOPLISTING embroidered scarf (224 gold, have 39).
   228 | D:1      | 228 ||| SHOPLISTING glowing scale mail (196 gold, have 39).
   228 | D:1      | 228 ||| SHOPLISTING pair of gloves (126 gold, have 39).
   228 | D:1      | 228 ||| SHOPLISTING runed helmet (210 gold, have 39).
   228 | D:1      | 228 ||| SHOPLISTING runed leather armour (140 gold, have
                  | 39).
   228 | D:1      | 228 ||| SHOPLISTING runed orb (336 gold, have 39).
   236 | D:1      | Reached XP level 2. HP: 19/19 MP: 2/2
   250 | D:1      | Found New Wuxe's Weapon Boutique.
   272 | D:1      | Found Kogukum's Antique Armour Boutique.
   285 | D:1      | 285 ||| SHOPLISTING +3 pair of gauntlets of War {Slay+5}
                  | (1282 gold, have 86).
   285 | D:1      | 285 ||| SHOPLISTING chain mail (121 gold, have 86).
   285 | D:1      | 285 ||| SHOPLISTING pair of boots (121 gold, have 86).
   285 | D:1      | 285 ||| SHOPLISTING pair of glowing gloves (202 gold, have
                  | 86).
   285 | D:1      | 285 ||| SHOPLISTING runed swamp dragon scales (1431 gold,
                  | have 86).
   295 | D:1      | 295 ||| Stepping ~*~*~tactically~*~*~ (stealth).
   429 | D:1      | 429 ||| DROPPING +0 club.
  1007 | D:1      | 1007 ||| UPGRADING to +0 kite shield.
  1017 | D:1      | 1017 ||| DROPPING +0 buckler.
  1018 | D:1      | 1018 ||| UPGRADING to +0 tower shield.
  1028 | D:1      | 1028 ||| DROPPING +0 kite shield.
  1029 | D:1      | 1029 ||| UPGRADING to amulet of reflection.
  1034 | D:1      | 1034 ||| DROPPING amulet of guardian spirit.
  1035 | D:1      | 1035 ||| UPGRADING to ring of willpower.
  1036 | D:1      | 1036 ||| READING scroll labelled ABOICZ YPSOIQ.
  1037 | D:1      | 1037 ||| READING scroll labelled HIENTOUWYRE.
  1255 | D:2      | Reached XP level 3. HP: 23/23 MP: 3/3
  1414 | D:2      | 1414 ||| Stepping ~*~*~tactically~*~*~ (stealth).
  1439 | D:2      | Reached skill level 4 in Shields
  1533 | D:2      | 1533 ||| Stepping ~*~*~tactically~*~*~ (stealth).
  1556 | D:2      | 1556 ||| Stepping ~*~*~tactically~*~*~ (stealth).
  1577 | D:2      | Reached XP level 4. HP: 28/28 MP: 4/4
  1931 | D:2      | 1931 ||| UPGRADING to +0 helmet.
  1936 | D:2      | 1936 ||| UPGRADING to amulet of faith.
  1946 | D:2      | 1946 ||| DROPPING ring of flight.
  1947 | D:2      | 1947 ||| READING 2 scrolls labelled CUYDIT HETZI.
  1948 | D:2      | 1948 ||| READING scroll of enchant armour.
  1948 | D:2      | 1948 ||| ENCHANTING +0 helmet.
  1949 | D:2      | 1949 ||| READING scroll labelled EQANIU ZABUD.
  1950 | D:2      | 1950 ||| READING scroll labelled SIAHON BO TAU.
  1955 | D:2      | 1955 ||| READING 2 scrolls labelled KASEEK WI ZARPH.
  1956 | D:2      | 1956 ||| READING scroll labelled MOELIUD JOREO.
  1957 | D:2      | 1957 ||| READING 2 scrolls labelled LUANGYORAS.
  1958 | D:2      | 1958 ||| READING scroll labelled XEPNOE ZER NOWEO.
  1959 | D:2      | 1959 ||| DRINKING 2 murky clear potions.
  1960 | D:2      | 1960 ||| DRINKING 2 fuming grey potions.
  1961 | D:2      | 1961 ||| DRINKING 2 grey potions.
  1962 | D:2      | 1962 ||| DROPPING scroll of revelation.
  1963 | D:2      | 1963 ||| DROPPING scroll of fog.
  2006 | D:3      | 2006 ||| Stepping ~*~*~tactically~*~*~ (stealth).
  2007 | D:3      | 2007 ||| Stepping ~*~*~tactically~*~*~ (stealth).
  2008 | D:3      | 2008 ||| Stepping ~*~*~tactically~*~*~ (stealth).
  2009 | D:3      | 2009 ||| Stepping ~*~*~tactically~*~*~ (stealth).
  2020 | D:3      | Reached skill level 5 in Shields
  2118 | D:3      | 2118 ||| Stepping ~*~*~tactically~*~*~ (stealth).
  2126 | D:3      | Reached skill level 3 in Axes
  2131 | D:3      | Found a burning altar of Makhleb.
  2139 | D:3      | 2139 ||| Stepping ~*~*~tactically~*~*~ (hiding).
  2140 | D:3      | 2140 ||| Stepping ~*~*~tactically~*~*~ (hiding).
  2167 | D:3      | You fall into a shaft and drop 3 floors!
  2172 | D:6      | 2172 ||| Stepping ~*~*~tactically~*~*~ (hiding).
  2174 | D:6      | 2174 ||| Stepping ~*~*~tactically~*~*~ (hiding).
  2175 | D:6      | 2175 ||| Stepping ~*~*~tactically~*~*~ (hiding).
  2176 | D:6      | 2176 ||| Stepping ~*~*~tactically~*~*~ (hiding).
  2190 | D:6      | Reached XP level 5. HP: 30/32 MP: 5/5
  2211 | D:6      | 2211 ||| UPGRADING to +0 chain mail.
  2221 | D:6      | 2221 ||| DROPPING +0 scale mail.
  2222 | D:6      | 2222 ||| DRINKING 2 fuming ruby potions.
  2246 | D:6      | 2246 ||| READING 3 scrolls of identify.
  2246 | D:6      | 2246 ||| IDENTIFYING sedimented white potion
  2247 | D:6      | 2247 ||| READING 2 scrolls of identify.
  2247 | D:6      | 2247 ||| IDENTIFYING fuming amethyst potion
  2256 | D:5      | Entered Level 5 of the Dungeon
  2257 | D:5      | 2257 ||| Stepping ~*~*~tactically~*~*~ (hiding).
  2273 | D:5      | HP: 2/32 [orc priest/nerve-wracking pain (7)]
  2274 | D:5      | 2274 ||| DRINKING potion of heal wounds.
  2276 | D:5      | Reached skill level 6 in Shields
  2312 | D:5      | 2312 ||| DROPPING +0 flail.
  2408 | D:4      | Noticed Blork the orc
  2408 | D:4      | Noticed a phantom
  2415 | D:4      | HP: 8/32 [Blork the orc/+1 vampiric long sword (7)]
  2418 | D:4      | Slain by an iguana

Levels and vault maps discovered:
D:1:      elethiomel_arrival_infinity_welcomes_careful_drivers, layout_basic,
          serial_shops, shop, shop, shop_fountains, minivault_11
D:2:      layout_basic, minmay_randomly_rotated_circles
D:3:      layout_loops_ring, amethyst_overflow_temple_binary, fedhas_altar_2,
          general_overflow_altar, nicolae_overflow_crystal_walls
D:4:      layout_cave_pools, kennysheep_generic_room_16, uniq_blork_the_orc,
          uniq_duvessa, uniq_crazy_yiuf_cottage, uniq_pikel
D:5:      layout_loops_cross, mainiacjoe_overflow_24_doors,
          mainiacjoe_overflow_brackets, overflow_temple_1_default
D:6:      layout_loops_corners, tgw_xom, chequers_serial_rivers_marsh

Skill      XL: |  1  2  3  4  5 |
---------------+----------------+-----
Axes           | 2 3 |  3.0
Shields        | 4 5 6 |  6.2
Fighting       | |  3.2
Armour         | |  3.2

Action                     |  1- 3 |  4- 6 || total
---------------------------+-------+-------++-------
  Melee: War axe           |   130 |    76 ||   206
    Use: Scroll            |     2 |    10 ||    12
         Potion            |       |     5 ||     5
 Armour: Scale mail        |    66 |    14 ||    80
         Chain mail        |       |    21 ||    21
  Dodge: Dodged            |    38 |    21 ||    59
  Block: Buckler           |     5 |       ||     5
         Tower shield      |    96 |    57 ||   153

Table legend:
 A = Non-vault XP
 B = Vault XP
 C = Vault XP percentage of total XP
 D = Non-vault monster count
 E = Vault monster count
 F = Vault count percentage of total count
                 A         B        C        D         E       F
            +---------+---------+-------+---------+---------+-------
      Total |     260 |      22 |   7.8 |      53 |       6 |  10.2
            +---------+---------+-------+---------+---------+-------
        D:1 |      25 |       0 |   0.0 |      17 |       0 |   0.0
        D:2 |      72 |      22 |  23.4 |      18 |       6 |  25.0
        D:3 |      28 |       0 |   0.0 |       9 |       0 |   0.0
        D:4 |       5 |       0 |   0.0 |       3 |       0 |   0.0
        D:5 |      83 |       0 |   0.0 |       4 |       0 |   0.0
        D:6 |      47 |       0 |   0.0 |       2 |       0 |   0.0
            +---------+---------+-------+---------+---------+-------
